 Dungeon Crawl Stone Soup version 0.30.0-29-ga12c61a403 (webtiles) character file.

Game seed: 8091181699021573384

7598 Senryu the Sneak (level 10, 0/83 HPs)
             Began as a Black Draconian Brigand on June 12, 2023.
             Was an Elder of Cheibriados.
             Asphyxiated
             ... on level 10 of the Dungeon on June 13, 2023.
             The game lasted 00:44:53 (9951 turns).

Senryu the Sneak (Black Draconian Brigand)          Turns: 9951, Time: 00:44:54

Health: 0/83       AC: 12    Str: 29    XL:     10   Next: 97%
Magic:  0/17       EV: 17    Int: 24    God:    Cheibriados [****..]
Gold:   213        SH:  0    Dex: 25    Spells: 11/19 levels left

rFire   . . .        E - +2 dagger (venom)
rCold   . . .        (no shield)
rNeg    . . .        (body armour unavailable)
rPois   .            (helmet restricted)
rElec   +            b - +0 cloak
rCorr   .            (no gloves)
SInv    .            (no boots)
Will    .....        A - amulet of guardian spirit
Stlth   ++++         m - +4 ring of protection
HPRegen 0.33/turn    z - +6 ring of strength
MPRegen 0.15/turn

%: guardian spirit
@: lethally poisoned (0 -> -4), about to teleport, slowed, very slow
A: breathe lightning, AC +7, unfitting armour, electricity resistance,
cold-blooded
a: Breathe Lightning, Renounce Religion, Bend Time, Temporal Distortion, Slouch


You were on level 10 of the Dungeon.
You worshipped Cheibriados.
Cheibriados was greatly pleased with you.
You visited 1 branch of the dungeon, and saw 10 of its levels.

You collected 1075 gold pieces.
You spent 862 gold pieces at shops.

Inventory:

Hand Weapons
 a - a +3 dagger of protection
 E - a +2 dagger of venom (weapon)
 L - a +0 arbalest
Missiles
 c - 19 poisoned darts
 d - 11 curare-tipped darts (quivered)
 l - 3 javelins
 n - 4 atropa-tipped darts
Armour
 b - a +0 cloak (worn)
Jewellery
 m - a +4 ring of protection (left hand)
 o - a ring of willpower
 x - a ring of flight
 z - a +6 ring of strength (right hand)
 A - an amulet of guardian spirit (around neck)
Wands
 f - a wand of flame (26)
 v - a wand of digging (1)
 y - a wand of mindburst (9)
 B - a wand of polymorph (10)
 O - a wand of iceblast (3)
 Q - a wand of paralysis (4)
Scrolls
 j - a scroll of noise
 k - 2 scrolls of vulnerability
 r - 2 scrolls of poison
 t - 3 scrolls of magic mapping
 w - 2 scrolls of fog
 D - 2 scrolls of teleportation
 F - 2 scrolls of enchant armour
 H - 2 scrolls of torment
 I - a scroll of silence
 K - a scroll of immolation {unknown}
 P - a scroll of identify
Potions
 e - a potion of brilliance {unknown}
 g - 2 potions of attraction {unknown}
 h - 4 potions of degeneration {unknown}
 i - a potion of magic
 p - 2 potions of mutation {unknown}
 q - 2 potions of lignification
 s - 3 potions of haste
 u - a potion of invisibility {unknown}
 C - a potion of cancellation {unknown}
 G - 2 potions of might
 J - a potion of curing
 M - 2 potions of flight {unknown}


   Skills:
 * Level 5.9 Fighting
 * Level 6.6 Short Blades
 * Level 4.8 Throwing
 * Level 6.3 Dodging
 * Level 6.9 Stealth
 * Level 5.1 Spellcasting
 * Level 3.0 Conjurations
 * Level 4.6 Hexes
 * Level 2.8 Necromancy
 * Level 3.3 Invocations
 * Level 4.3 Evocations


You had 11 spell levels left.
You knew the following spells:

 Your Spells              Type           Power      Damage    Failure   Level
a - Tukima's Dance        Hex            28%        N/A       3%          3
b - Kiss of Death         Conj/Necr      80%        2d11      2%          1
c - Dispel Undead         Necr           19%        3d11      26%         4

Your spell library contained the following spells:

 Spells                   Type           Power      Damage    Failure   Level
 Confusing Touch          Hex            28%        N/A       3%          3
 Passage of Golubria      Tloc           6%         N/A       65%         4
 Yara's Violent Unravell  Hex/Tmut       8%         3d5       67%         5
 Simulacrum               Ice/Necr       6%         N/A       100%        6
 Ozocubu's Refrigeration  Ice            3%         4d8       100%        7
 Polar Vortex             Ice            3%         N/A       100%        9


Dungeon Overview and Level Annotations

Branches:
Dungeon (10/15)            Temple (0/1) D:5
   Lair: D:8-11         Orc: D:9-12

Altars:
Ashenzari
Cheibriados
Kikubaaqudgha
Makhleb
Okawaru
Ru
Trog
Uskayaw
Vehumet
Wu Jian
Zin

Shops:
D:2 :   D:3 !   D:7 =?[!:   D:10 *

Annotations:
D:8 4 transporters


Innate Abilities, Weirdness & Mutations

You can breathe wild blasts of lightning.
Your glossy black scales are hard. (AC +7)
You cannot fit into any form of body armour.
You are resistant to electric shocks. (rElec)
You are cold-blooded and may be slowed by cold attacks.


Message History

The kobold demonologist hits you but does no damage.
The kobold brigand hits you but does no damage.
You closely miss the kobold demonologist.
The kobold demonologist is heavily wounded.
You feel sick. The kobold demonologist misses you.
The kobold brigand hits you but does no damage.
You closely miss the kobold demonologist.
You punch the kobold demonologist, but do no damage.
The kobold demonologist is heavily wounded.
You feel sick. The ice devil hits you. The ice devil freezes you!
* * * LOW HITPOINT WARNING * * *
The kobold demonologist hits you but does no damage.
The kobold brigand completely misses you.
The ice devil hits you.
* * * LOW HITPOINT WARNING * * *
The ice devil freezes you!!
* * * LOW HITPOINT WARNING * * *
Blink to where?
Press: ? - help, Dir - move target
As you read the scroll of blinking, it crumbles to dust.
* * * LOW HITPOINT WARNING * * *
You feel very sick.
You feel better.
You have got your breath back.
As you read the scroll of teleportation, it crumbles to dust.
You feel strangely unstable.
The kobold brigand throws a curare-tipped dart.
The curare-tipped dart closely misses you.
The kobold brigand throws a curare-tipped dart.
The curare-tipped dart hits you.
You are poisoned.
You have difficulty breathing.
* * * LOW HITPOINT WARNING * * *
You feel as though you will be slow longer.
You feel sick.
The kobold brigand throws a curare-tipped dart.
The curare-tipped dart hits you.
You are more poisoned.
You have difficulty breathing.
You die...

.......................# ......
................###....# ......
................# #....###......
................###....)..)....#
#..............................#
.#.............................#
........................).......
#...##................K.........
##.#............@..K.4).....(...
#.......................4###....
#.#..........#######.....# ...
#............#.....#..)..###....
#..#'#.......#.∩.>.#............
##..#.#.......#.....#............
#...#.#..#....#######............
#...#.#..........................
#..##.##.#..............~~.~P..~.


You could see an ice devil (summoned), a kobold demonologist and a kobold
brigand.

Vanquished Creatures
  2 two-headed ogres (D:9)
  A troll (D:10)
  Grinder (D:3)
  A vampire (D:9)
  A wraith (D:9)
  2 wyverns
  A yak (D:10)
  3 steam dragons
  An acid dragon (D:9)
  3 water moccasins (D:7)
  5 orc warriors
  2 sky beasts
  4 ice beasts
  2 black bears
  An ogre (D:4)
  5 centaurs
  3 kobold brigands
  A gnoll sergeant (D:9)
  3 scorpions (D:5)
  2 bullfrogs (D:9)
  A wight (D:7)
  A killer bee (D:9)
  2 electric eels (D:10)
  6 howler monkeys
  4 jellies
  5 orc priests
  2 gnoll boudas
  4 hounds
  4 sleepcaps
  Jessica (D:2)
  Ijyb (D:4)
  9 iguanas
  10 orc wizards
  16 gnolls
  10 adders
  2 shadow imps
  3 white imps
  An ufetubus (D:5)
  3 worms
  2 dart slugs
  38 orcs
  8 ball pythons
  4 bats
  4 endoplasms
  A giant cockroach (D:1)
  12 goblins
  5 hobgoblins
  5 jackals
  8 quokkas
  A frilled lizard (D:5)
  15 kobolds
  5 rats
237 creatures vanquished.

Vanquished Creatures (collateral kills)
  An orc warrior (D:7)
  An ogre (D:6)
  A kobold brigand (D:9)
  2 orc wizards (D:7)
  2 gnolls (D:6)
  2 orcs
  A kobold (D:9)
10 creatures vanquished.

Vanquished Creatures (others)
  10 dancing weapons
  A gnoll (D:3)
11 creatures vanquished.

Grand Total: 258 creatures vanquished

Notes
Turn   | Place    | Note
-------+----------+-------------------------------------------
     0 | D:1      | Senryu the Draconian Brigand began the quest for the Orb.
     0 | D:1      | Reached XP level 1. HP: 17/17 MP: 1/1
   227 | D:1      | Reached skill level 1 in Dodging
   357 | D:1      | Reached XP level 2. HP: 24/24 MP: 2/2
   644 | D:2      | Found Yteps's Book Shoppe.
   776 | D:2      | Noticed Jessica
   790 | D:2      | Killed Jessica
   791 | D:2      | Reached XP level 3. HP: 29/30 MP: 3/3
   950 | D:3      | Found a faded altar of an unknown god.
   955 | D:3      | Found a glowing silver altar of Zin.
   961 | D:3      | Prayed at the altar of an unknown god.
   961 | D:3      | Became a worshipper of Cheibriados the Contemplative
   961 | D:3      | Reached * piety under Cheibriados
  1016 | D:3      | Reached XP level 4. HP: 37/37 MP: 4/4
  1236 | D:3      | Noticed Grinder
  1270 | D:3      | Reached skill level 1 in Spellcasting
  1312 | D:3      | Killed Grinder
  1313 | D:3      | Reached XP level 5. HP: 24/45 MP: 3/7
  1313 | D:3      | Reached XP level 6. HP: 27/51 MP: 3/8
  1454 | D:3      | Found Dixamn's Distillery.
  1471 | D:3      | Bought a potion of lignification for 36 gold pieces
  1471 | D:3      | Bought a potion of curing for 36 gold pieces
  1471 | D:3      | Bought a potion of lignification for 36 gold pieces
  1471 | D:3      | Bought a potion of lignification for 36 gold pieces
  2305 | D:4      | Learned a level 3 spell: Tukima's Dance
  2325 | D:4      | Noticed Ijyb
  2337 | D:4      | Killed Ijyb
  2535 | D:4      | Reached skill level 5 in Stealth
  2615 | D:4      | Your scales start taking on a glossy black colour.
  2615 | D:4      | Reached XP level 7. HP: 39/57 MP: 9/9
  2615 | D:4      | Gained mutation: You are resistant to electric shocks.
                  | (rElec) [Black Draconian growth]
  2615 | D:4      | Reached ** piety under Cheibriados
  2765 | D:4      | Reached skill level 1 in Hexes
  2765 | D:4      | Reached skill level 1 in Evocations
  3038 | D:5      | Entered Level 5 of the Dungeon
  3062 | D:5      | Found a staircase to the Ecumenical Temple.
  3280 | D:5      | Found a hide-covered altar of Uskayaw.
  3281 | D:5      | Found an ornate altar of the Wu Jian Council.
  3363 | D:5      | Found a sacrificial altar of Ru.
  4077 | D:5      | Reached *** piety under Cheibriados
  4078 | D:5      | Reached XP level 8. HP: 56/66 MP: 7/11
  4095 | D:5      | HP: 2/66 [white imp/puff of frost (7)]
  4222 | D:5      | Reached skill level 5 in Short Blades
  4766 | D:6      | Reached **** piety under Cheibriados
  4803 | D:6      | Reached XP level 9. HP: 34/72 MP: 8/14
  4959 | D:6      | Found a burning altar of Makhleb.
  5619 | D:6      | Reached skill level 1 in Invocations
  5744 | D:7      | Found Usugon's Book Shoppe.
  5749 | D:7      | Bought a book of Touch for 286 gold pieces
  5751 | D:7      | Learned a level 1 spell: Kiss of Death
  5864 | D:7      | Found an iron altar of Okawaru.
  5866 | D:7      | Found an ancient bone altar of Kikubaaqudgha.
  5869 | D:7      | Found a bloodstained altar of Trog.
  5932 | D:7      | Found Relich's Jewellery Shoppe.
  5957 | D:7      | Found Gusyrrol's Magic Scroll Shop.
  6072 | D:7      | Found Olleamm's Distillery.
  6115 | D:7      | Bought a potion of curing for 36 gold pieces
  6206 | D:7      | Found Sifriab's Antique Armour Shop.
  6221 | D:7      | Reached skill level 5 in Dodging
  6238 | D:7      | Reached skill level 1 in Conjurations
  6310 | D:7      | Reached skill level 1 in Necromancy
  6374 | D:7      | Reached ***** piety under Cheibriados
  6404 | D:7      | Learned a level 4 spell: Dispel Undead
  6563 | D:7      | Reached skill level 5 in Fighting
  7129 | D:7      | Bought a scroll of enchant armour for 112 gold pieces
  7129 | D:7      | Bought a scroll of magic mapping for 112 gold pieces
  7129 | D:7      | Bought a scroll of silence for 142 gold pieces
  7129 | D:7      | Bought a scroll of identify for 30 gold pieces
  7276 | D:8      | Reached XP level 10. HP: 76/76 MP: 16/16
  7771 | D:8      | Found a transporter.
  7775 | D:8      | Found a transporter.
  7803 | D:8      | Found a transporter.
  7935 | D:8      | Found a transporter.
  8568 | D:9      | Noticed a two-headed ogre
  8605 | D:9      | Noticed a two-headed ogre
  8632 | D:9      | Killed a two-headed ogre
  8644 | D:9      | Killed a two-headed ogre
  9596 | D:10     | Entered Level 10 of the Dungeon
  9618 | D:10     | Reached skill level 5 in Spellcasting
  9746 | D:10     | Found Maqocil's General Store.
  9852 | D:10     | Found a radiant altar of Vehumet.
  9914 | D:10     | Found a broken altar of Ashenzari.
  9951 | D:10     | Asphyxiated

Illustrated notes

Levels and vault maps discovered:
D:1:      lightli_arrival_isolated_outpost, layout_basic
D:2:      layout_rooms, serial_shops, nicolae_book_shop_shelving,
          kennysheep_jessica_study
D:3:      layout_basic, nicolae_overflow_ecumenical_swirl, serial_shops, shop,
          minmay_distorted, uniq_grinder
D:4:      layout_cave_pools, serial_rivers, chequers_serial_rivers_micro_b,
          chequers_serial_rivers_micro_b, chequers_serial_rivers_micro_d,
          chequers_serial_rivers_room_b, chequers_serial_rivers_micro_c,
          minmay_ogre_servants, uniq_ijyb
D:5:      layout_loops_ring, jmf_multi_god_temple,
          nicolae_ru_great_annihilating_truth, minmay_temple_entry_grid,
          small_statue_alley_b, nzn_random_ring
D:6:      layout_basic, mainiacjoe_overflow_small_starburst,
          hangedman_abyss_or_decor_passed
D:7:      minmay_polygon_palace, layout_loops_ring, minitemple, serial_shops,
          shop_statue, nicolae_stop_n_shop_2, kennysheep_mini_moat,
          nicolae_stop_n_shop_1, shop
D:8:      layout_loops_ring, nicolae_transporter_circle
D:9:      layout_irregular_city, minmay_quadrilaterals
D:10:     layout_big_octagon, mainiacjoe_overflow_alcove_4, lemuel_tele_altar,
          mainiacjoe_overflow_surrounded_room, serial_bayou,
          serial_bayou_pond_d, serial_bayou_crossing, serial_bayou_shore_a,
          serial_bayou_pond_b, nicolae_take_the_stairs,
          chequers_hall_statues_wall_a

Skill      XL: |  1  2  3  4  5  6  7  8  9 10 |
---------------+-------------------------------+-----
Dodging        | 1 2 3 4 5 6 |  6.3
Stealth        | 4 5 6 |  6.9
Throwing       | 2 3 4 |  4.8
Spellcasting   | 1 2 3 4 5 |  5.1
Fighting       | 3 4 5 |  5.9
Short Blades   | 3 4 5 6 |  6.6
Hexes          | 1 2 3 4 |  4.6
Evocations     | 1 2 3 4 |  4.3
Invocations    | 2 3 |  3.3
Conjurations   | 1 3 |  3.0
Necromancy     | 1 2 |  2.8

Action                     |  1- 3 |  4- 6 |  7- 9 | 10-12 || total
---------------------------+-------+-------+-------+-------++-------
  Melee: Dagger            |   107 |   127 |   430 |   104 ||   768
         Tailslap          |    12 |    26 |    71 |    25 ||   134
         Punch             |     1 |     1 |     5 |     3 ||    10
  Throw: Dart              |       |     5 |     3 |     6 ||    14
   Cast: Tukima's Dance    |       |     2 |    25 |    24 ||    51
         Kiss of Death     |       |       |     1 |       ||     1
         Dispel Undead     |       |       |       |     2 ||     2
 Invoke: Bend Time         |       |     3 |       |     2 ||     5
         Slouch            |       |       |       |     3 ||     3
         Temporal Distorti |       |       |       |     1 ||     1
Ability: Breathe Lightning |       |       |    36 |    14 ||    50
  Evoke: Wand              |       |     2 |    20 |    13 ||    35
    Use: Scroll            |     1 |     4 |    12 |     2 ||    19
         Potion            |       |     4 |    11 |     5 ||    20
   Stab: Sleeping          |     1 |     4 |     8 |     2 ||    15
         Distracted        |       |       |     3 |     1 ||     4
         Paralysed         |       |       |     1 |     1 ||     2
 Armour: Skin              |    49 |    56 |   336 |    74 ||   515
  Dodge: Dodged            |    69 |    93 |   395 |   192 ||   749
